 Dungeon Crawl Stone Soup version 0.20.1-1-g8b1a95d (webtiles) character file.

46 pstr the Conjurer (level 3, 0/19 HPs)
             Began as a Kobold Conjurer on Nov 15, 2017.
             Slain by a jackal (3 damage)
             ... on level 1 of the Dungeon.
             The game lasted 00:02:49 (1087 turns).

pstr the Conjurer (Kobold Conjurer)                 Turns: 1087, Time: 00:02:49

Health: 0/19       AC:  2    Str: 10    XL:     3   Next: 92%
Magic:  0/6        EV: 15    Int: 17    God:
Gold:   51         SH:  0    Dex: 15    Spells: 4/7 levels left

rFire    . . .     SeeInvis .   f - +0 club
rCold    . . .     Gourm    .   (shield restricted)
rNeg     . . .     Faith    .   a - +0 robe
rPois    .         Spirit   .   (no helmet)
rElec    .         Reflect  .   (no cloak)
rCorr    .         Harm     .   (no gloves)
MR       .....                  (no boots)
Stlth    ++........             (no amulet)
Regen    0.1/turn               g - +5 ring of strength
MPRegen  0.1/turn               (no ring)

@: no status effects
A: carnivore 3
a: no special abilities


You were on level 1 of the Dungeon.
You were very full.

You visited 1 branch of the dungeon, and saw 2 of its levels.

You collected 51 gold pieces.

Inventory:

Hand Weapons
 f - a +0 club (weapon)
Missiles
 i - 29 stones (quivered)
Armour
 a - a +0 robe (worn)
Jewellery
 g - a +5 ring of strength (left hand)
 m - an uncursed ring of resist corrosion {unknown}
Scrolls
 j - a scroll of teleportation {unknown}
 k - a scroll of enchant armour {unknown}
 l - a scroll of amnesia {unknown}
 o - a scroll of fear {unknown}
Potions
 e - a potion of berserk rage {unknown}
 h - a potion of brilliance {unknown}
Books
 b - a book of Conjurations

   Spells                             Type                      Level
   a - Magic Dart                     Conjuration                  1
   b - Searing Ray                    Conjuration                  2
   c - Dazzling Spray                 Conjuration/Hexes            3
   d - Fulminant Prism                Conjuration/Hexes            4
   e - Force Lance                    Conjuration/Translocation    4
   f - Iskenderun's Mystic Blast      Conjuration                  4
Comestibles
 c - a meat ration
 d - a royal jelly
 n - 3 chunks of flesh


   Skills:
 + Level 2.6 Dodging
 + Level 3.5 Stealth
 + Level 2.5 Spellcasting
 + Level 4.6 Conjurations


You had 4 spell levels left.
You knew the following spells:

 Your Spells              Type           Power        Failure   Level  Hunger
a - Magic Dart            Conj           ###.         2%          1    #......
b - Searing Ray           Conj           ###...       4%          2    ##.....


Dungeon Overview and Level Annotations

Branches:
Dungeon (2/15)

Altars:
Dithmenos
Nemelex Xobeh

Annotations:
D:2 Natasha


Innate Abilities, Weirdness & Mutations

You are small and have problems with some larger weapons.
You are carnivorous and can eat meat at any time.


Message History

The jackal barely misses you.
Some of the chunks of flesh in your inventory have rotted away.
You closely miss the jackal.
The jackal is heavily wounded.
The jackal bites you but does no damage.
The jackal bites you. x3
You hit the jackal.
The jackal is almost dead.
The jackal misses you. The jackal bites you.
You closely miss the jackal.
The jackal is almost dead.
The jackal closely misses you. The jackal bites you.
* * * LOW HITPOINT WARNING * * *
The jackal closely misses you. The jackal bites you.
* * * LOW HITPOINT WARNING * * *
You hit the jackal.
You kill the jackal!
The jackal bites you but does no damage.
The jackal bites you.
You die...

#########
.......@#
#######h#
..# .###
.. ## K..
... ...


You could see a jackal.

Vanquished Creatures
  Natasha (D:2)
  A dart slug (D:2)
  3 bats (D:2)
  A giant cockroach (D:2)
  2 goblins
  A hobgoblin (D:2)
  2 jackals
  A quokka (D:2)
  A ball python (D:2)
  A frilled lizard (D:2)
  2 kobolds (D:2)
  3 rats
19 creatures vanquished.

Notes
Turn   | Place    | Note
-------+----------+-------------------------------------------
     0 | D:1      | pstr the Kobold Conjurer began the quest for the Orb.
     0 | D:1      | Reached XP level 1. HP: 10/10 MP: 3/3
   414 | D:2      | Found a sparkling altar of Nemelex Xobeh.
   439 | D:2      | Reached XP level 2. HP: 15/15 MP: 0/5
   443 | D:2      | Learned a level 2 spell: Searing Ray
   843 | D:2      | Noticed Natasha
   847 | D:2      | Killed Natasha
   847 | D:2      | Reached XP level 3. HP: 19/19 MP: 1/6
  1012 | D:2      | Found a shadowy altar of Dithmenos.
  1069 | D:2      | Noticed Natasha
  1087 | D:1      | Slain by a jackal

Skill      XL: |  1  2 |
---------------+-------+-----
Stealth        | 3 |  3.5
Dodging        | |  2.6
Spellcasting   | |  2.5
Conjurations   | |  4.6

Action                   || total
-------------------------++-------
Melee: Club              ||     8
 Cast: Magic Dart        ||    30
       Searing Ray       ||     7
  Eat: Chunk             ||     9
Armor: Robe              ||     5
Dodge: Dodged            ||    27
